 Dungeon Crawl Stone Soup version 0.28-a0-861-ge64d6db94f (webtiles) character file.

Game seed: 8382770821530863005

1261 mcbry74 the Cudgeller (level 8, -1/63 (83) HPs)
             Began as a Troll Gladiator on Nov 15, 2021.
             Was a Follower of Ru.
             Slain by Edmund (3 damage)
             ... on level 5 of the Dungeon.
             The game lasted 00:16:31 (3811 turns).

mcbry74 the Cudgeller (Troll Gladiator)             Turns: 3811, Time: 00:16:32

HP:   -1/63 (83)    AC:  6    Str: 30    XL:     8   Next: 27%
MP:   7/7           EV: 10    Int:  5    God:    Ru [*.....]
Gold: 201           SH:  0    Dex: 11    Spells: 7/7 levels left

rFire   . . .      SeeInvis .   a - +0 flail
rCold   . . .      Faith    +   (no shield)
rNeg    . . .      Spirit   .   p - +0 troll leather armour {Pargi}
rPois   .          Reflect  .   c - +0 hat
rElec   .          Harm     .   (no cloak)
rCorr   .          Rampage  .   (gloves unavailable)
Will    .....                   (boots unavailable)
Stlth   +.........              k - amulet of faith
HPRegen 2.20/turn               s - +6 ring of strength
MPRegen 0.10/turn               (no ring)

@: heavily drained
A: large, unfitting armour, claws 3, regeneration 1, shaggy fur 1, tough skin 1,
no air magic, no conjurations magic, no hexes magic
a: Renounce Religion


You were on level 5 of the Dungeon.
You worshipped Ru.
Ru was aware of your devotion.
You visited 1 branch of the dungeon, and saw 5 of its levels.
You also visited: Sewer.

You collected 201 gold pieces.

Inventory:

Hand Weapons
 a - a +0 flail (weapon)
 y - a +0 giant club
Missiles
 d - 2 throwing nets (quivered)
 v - 5 boomerangs
Armour
 b - a +0 robe
 c - a +0 hat (worn)
 p - a +0 troll leather armour (worn) {Pargi}
Jewellery
 k - an amulet of faith (around neck)
 s - a +6 ring of strength (left claw)
Scrolls
 h - 4 scrolls of teleportation
 j - a scroll of noise {unknown}
 l - a scroll of vulnerability {unknown}
 m - a scroll of identify {unknown}
 n - a scroll of torment {unknown}
 o - a scroll of silence {unknown}
 r - 2 scrolls of enchant weapon {unknown}
 w - 2 scrolls of immolation {unknown}
 x - a scroll of fog {unknown}
Potions
 e - 2 potions of flight {unknown}
 f - 4 potions of curing {unknown}
 g - a potion of brilliance {unknown}
 i - a potion of might {unknown}
 q - a potion of degeneration {unknown}
 t - a potion of resistance {unknown}
 u - a potion of cancellation {unknown}
 z - a potion of magic {unknown}
 A - a potion of lignification {unknown}
 B - a potion of heal wounds


   Skills:
 + Level 6.1 Fighting
 + Level 7.0 Maces & Flails
 - Level 1.7 Throwing
 - Level 2.4 Dodging


You had 7 spell levels left.
You didn't know any spells.
Your spell library contained the following spells:

 Spells                   Type           Power      Damage    Failure   Level
 Scorch                   Fire           0%         2d5       65%         2
 Gell's Gravitas          Tloc           0%         N/A       87%         3
 Spider Form              Tmut/Pois      0%         N/A       87%         3
 Teleport Other           Tloc           0%         N/A       87%         3
 Dispersal                Tloc           0%         N/A       100%        6
 Summon Cactus Giant      Summ           0%         N/A       100%        6
 Foxfire                  Conj/Fire      Unusable   2x1d4     N/A         1
 Ensorcelled Hibernation  Hex/Ice        Unusable   N/A       N/A         2
 Conjure Flame            Conj/Fire      Unusable   6-21      N/A         3
 Inner Flame              Hex/Fire       Unusable   N/A       N/A         3
 Flame Wave               Conj/Fire      Unusable   3d3       N/A         4

Dungeon Overview and Level Annotations

Branches:
Dungeon (5/15)             Temple (0/1) D:4           Sewer (visited)

Altars:
Ru

Annotations:
D:5 Edmund


Innate Abilities, Weirdness & Mutations

You are too large for most types of armour.
You have claws for hands.
Your natural rate of healing is unusually fast.
You are covered in fur. (AC +1)
You have tough skin. (AC +1)
You cannot study or cast Air magic.
You cannot study or cast Conjurations magic.
You cannot study or cast Hexes magic.


Message History

You sock Edmund!
Edmund is severely wounded.
Edmund drinks a potion.
Edmund is healed!
You hit Edmund but do no damage.
Edmund is lightly wounded.
Edmund hits you with a +1 flail of draining.
* * * LOW HITPOINT WARNING * * *
You feel drained.
* * * LOW HITPOINT WARNING * * *
You barely miss Edmund.
Edmund is lightly wounded.
Edmund hits you with a +1 flail of draining!
* * * LOW HITPOINT WARNING * * *
You feel drained.
* * * LOW HITPOINT WARNING * * *
You barely miss Edmund.
Edmund is lightly wounded.
Edmund closely misses you.
You closely miss Edmund.
Edmund is lightly wounded.
Edmund hits you but does no damage.
You feel drained.
You closely miss Edmund.
Edmund is lightly wounded.
Edmund barely misses you.
You hit Edmund.
Edmund is moderately wounded.
Edmund hits you with a +1 flail of draining.
* * * LOW HITPOINT WARNING * * *
You feel drained.
* * * LOW HITPOINT WARNING * * *
You barely miss Edmund.
Edmund is moderately wounded.
Edmund hits you with a +1 flail of draining.
* * * LOW HITPOINT WARNING * * *
You feel drained.
* * * LOW HITPOINT WARNING * * *
Edmund hits you with a +1 flail of draining!
* * * LOW HITPOINT WARNING * * *
You feel drained.
You die...

.....) ......#
....... .......
.......##
........#
........#
#@########
#@#......## #
#.........## ##
#..........# ##.
#..........# #..
#..........# ###..
#..........###....
#................#
##........##..##.#
.............###.#


You could see Edmund.

Vanquished Creatures
  Sigmund (D:2)
  Menkaure (D:5)
  A water moccasin (Sewer)
  Pargi (D:3)
  2 ogres (D:5)
  2 scorpions (D:5)
  An orc priest (D:4)
  A hound (D:4)
  A jelly (D:4)
  Terence (D:3)
  An orc wizard (D:4)
  Natasha (D:4)
  5 iguanas
  A hound skeleton (D:4)
  Robin (D:4)
  3 gnolls
  3 adders (D:2)
  A white imp (D:4)
  An ufetubus (D:4)
  An adder skeleton (D:4)
  A worm (D:3)
  9 dart slugs
  3 orcs (D:4)
  6 ball pythons
  7 endoplasms
  3 giant cockroaches
  11 goblins (D:4)
  9 hobgoblins
  4 jackals
  8 quokkas
  5 bats
  3 frilled lizards
  7 kobolds
  10 rats
116 creatures vanquished.

Vanquished Creatures (others)
  5 plants (D:4)
5 creatures vanquished.

Grand Total: 121 creatures vanquished

Notes
Turn   | Place    | Note
-------+----------+-------------------------------------------
     0 | D:1      | mcbry74 the Troll Gladiator began the quest for the Orb.
     0 | D:1      | Reached XP level 1. HP: 19/19 MP: 0/0
   173 | D:1      | Reached skill level 3 in Maces & Flails
   202 | D:1      | Reached XP level 2. HP: 21/28 MP: 1/1
   437 | D:1      | Found a faded altar of an unknown god.
   440 | D:1      | Prayed at the altar of an unknown god.
   440 | D:1      | Became a worshipper of Ru the Awakened
   445 | D:1      | Gained mutation: You cannot study or cast Air magic. [Ru
                  | sacrifice]
   445 | D:1      | Gained mutation: You cannot study or cast Hexes magic. [Ru
                  | sacrifice]
   445 | D:1      | Gained mutation: You cannot study or cast Conjurations
                  | magic. [Ru sacrifice]
   445 | D:1      | Reached * piety under Ru
   816 | D:2      | Noticed Sigmund
   836 | D:2      | Killed Sigmund
   837 | D:2      | Reached skill level 4 in Maces & Flails
   837 | D:2      | Reached XP level 3. HP: 23/37 MP: 2/2
   837 | D:2      | Reached XP level 4. HP: 28/45 MP: 3/3
   837 | D:2      | Reached XP level 5. HP: 33/53 MP: 4/4
  2018 | D:3      | Noticed Pargi
  2033 | D:3      | Killed Pargi
  2034 | D:3      | Reached skill level 5 in Maces & Flails
  2034 | D:3      | Reached XP level 6. HP: 29/62 MP: 5/5
  2090 | D:3      | Noticed Terence
  2098 | D:3      | Killed Terence
  2695 | D:4      | Noticed Robin
  2740 | D:4      | Killed Robin
  2747 | D:4      | Reached XP level 7. HP: 56/71 MP: 6/6
  2875 | D:4      | Noticed Natasha
  2887 | D:4      | Killed Natasha
  2916 | D:4      | Found a staircase to the Ecumenical Temple.
  3062 | D:4      | Reached skill level 5 in Fighting
  3302 | D:5      | Entered Level 5 of the Dungeon
  3304 | D:5      | Noticed Menkaure
  3369 | D:5      | Reached skill level 6 in Maces & Flails
  3475 | D:5      | Found a glowing drain.
  3498 | Sewer    | Entered a sewer
  3716 | D:5      | Killed Menkaure
  3717 | D:5      | Reached XP level 8. HP: 78/83 MP: 7/7
  3782 | D:5      | Noticed Edmund
  3795 | D:5      | Reached skill level 7 in Maces & Flails
  3811 | D:5      | HP: 2/65 [Edmund (7)]
  3811 | D:5      | Slain by Edmund

Illustrated notes

Levels and vault maps discovered:
D:1:      minmay_arrival_up_and_down, layout_basic,
          shapermc_ecumenical_altar_venn, grunt_decor_arrowhead,
          minmay_distorted
D:2:      layout_basic, uniq_sigmund
D:3:      kennysheep_slugbush, layout_basic, uniq_terence, uniq_pargi
D:4:      layout_loops_ring, minmay_temple_entry_gardened_gates,
          chequers_big_river, uniq_natasha, uniq_robin
D:5:      layout_rooms, gup_sewer_entry_pipe, nicolae_stop_n_shop_2,
          uniq_edmund, uniq_menkaure, uniq_pikel

Skill      XL: |  1  2  3  4  5  6  7  8 |
---------------+-------------------------+-----
Maces & Flails | 3 4 5 6 7 |  7.0
Fighting       | 2 3 4 5 6 |  6.1
Throwing       | |  1.7
Dodging        | |  2.4

Action                   |  1- 3 |  4- 6 |  7- 9 || total
-------------------------+-------+-------+-------++-------
Melee: Flail             |    82 |   219 |   173 ||   474
Throw: Throwing net      |       |       |     1 ||     1
Invok: Sacrifice Arcana  |     1 |       |       ||     1
       Reject Sacrifices |       |       |     1 ||     1
  Use: Scroll            |       |       |     1 ||     1
 Stab: Sleeping          |       |     1 |       ||     1
Armor: Robe              |    36 |    45 |       ||    81
       Troll leather arm |       |    51 |    63 ||   114
Dodge: Dodged            |    50 |   118 |    76 ||   244

Table legend: (Time is in decaauts)
 A = Elapsed time spent in this place.
 B = Non-inter-level travel time spent in this place.
 C = Inter-level travel time spent in this place.
 D = Time resting spent in this place.
 E = Time spent auto-exploring this place.
 F = Levels seen in this place.
 G = Mean time per level.
                   A        B        C        D        E       F      G
               +--------+--------+--------+--------+--------+-----+--------+
         Total |   3934 |   3803 |    131 |    174 |   2412 |   6 |  655.7 |
       Dungeon |   3756 |   3625 |    131 |    144 |   2348 |   5 |  751.2 |
         Sewer |    178 |    178 |      0 |     30 |     64 |   1 |  178.0 |
               +--------+--------+--------+--------+--------+-----+--------+

Top non-repeatable levels by time:
     D:2: 966 daAuts
     D:4: 947 daAuts
     D:3: 763 daAuts
     D:1: 714 daAuts
     D:5: 364 daAuts
   Sewer: 178 daAuts
